 Dungeon Crawl Stone Soup version 0.25.1-8-g42b30a86e7 (webtiles) character file.

Game seed: 14000256516967937816

33 Destapler the Skirmisher (level 3, 0/33 HPs)
             Began as a Minotaur Abyssal Knight on Dec 21, 2020.
             Was a Follower of Lugonu.
             Killed from afar by an orc wizard (8 damage)
             ... with a puff of flame
             ... on level 2 of the Dungeon.
             The game lasted 00:01:29 (1242 turns).

Destapler the Skirmisher (Minotaur Abyssal Knight)  Turns: 1242, Time: 00:01:30

Health: 0/33       AC:  3    Str: 17    XL:     3   Next: 12%
Magic:  3/3        EV: 11    Int:  9    God:    Lugonu [*.....]
Gold:   55         SH:  0    Dex:  9    Spells: 2/2 levels left

rFire    . . .     SeeInvis .   a - +1 mace
rCold    . . .     Gourm    .   (no shield)
rNeg     . . .     Faith    .   b - +0 leather armour
rPois    .         Spirit   .   (helmet restricted)
rElec    .         Reflect  .   (no cloak)
rCorr    .         Harm     .   (no gloves)
MR       .....                  (no boots)
Stlth    +.........             (no amulet)
HPRegen  0.11/turn              (no ring)
MPRegen  0.08/turn              (no ring)

@: no status effects
A: retaliatory headbutt, horns 2
a: Depart the Abyss, Renounce Religion


You were on level 2 of the Dungeon.
You worshipped Lugonu.
Lugonu was aware of your devotion.
You were very hungry.

You visited 1 branch of the dungeon, and saw 2 of its levels.
You visited the Abyss 1 time.

You collected 55 gold pieces.

Inventory:

Hand Weapons
 a - a +1 mace (weapon)
Armour
 b - a +0 leather armour (worn)
Scrolls
 g - 4 scrolls of identify {unknown}
 h - a scroll of fog {unknown}
Potions
 d - 2 potions of heal wounds {unknown}
 e - a potion of curing {unknown}
Comestibles
 c - 3 rations


   Skills:
 + Level 4.0 Fighting
 + Level 2.9 Maces & Flails
 + Level 2.9 Armour
 + Level 1.7 Dodging
 + Level 2.2 Invocations


You had 2 spell levels left.
You didn't know any spells.
Your spell library was empty.

Dungeon Overview and Level Annotations

Branches:
Dungeon (2/15)

Altars:


Innate Abilities, Weirdness & Mutations

You reflexively headbutt those who attack you in melee.
You have a pair of horns on your head.


Message History

The worm misses you.
You hit the worm.
The worm is severely wounded.
The worm barely misses you. You furiously retaliate!
You headbutt the worm. You thump the worm!
You kill the worm!
Lugonu accepts your kill.
Your Fighting skill increases to level 4!
The orc wizard begins to cast a cantrip, but forgets the words!
You barely miss the orc wizard.
The orc wizard hits you with a +0 dagger.
The orc wizard points at you and mumbles some strange words.
The magic dart hits you.
* * * LOW HITPOINT WARNING * * *
You miss the orc wizard.
The orc wizard hits you with a +0 dagger.
* * * LOW HITPOINT WARNING * * *
The orc wizard gestures at you while chanting.
The puff of flame hits you!
You die...

.# .# .#
#.# ..#
..#
######..#
#.ooo@..#
#)####†.#
..# #...
....
......
..### ..#


You could see an orc wizard (fast) and 2 orcs.

Vanquished Creatures
  A worm (D:2)
  A dart slug (D:1)
  An orc (D:2)
  4 bats (D:1)
  2 giant cockroaches
  A hobgoblin (D:1)
  A ball python (D:1)
  3 frilled lizards (D:1)
  3 goblins (D:1)
  5 kobolds (D:1)
  5 rats (D:1)
27 creatures vanquished.

Notes
Turn   | Place    | Note
-------+----------+-------------------------------------------
     0 | Abyss:1  | Destapler the Minotaur Abyssal Knight began the quest for
                  | the Orb.
     0 | Abyss:1  | Reached XP level 1. HP: 19/19 MP: 1/1
    74 | Abyss:1  | Noticed a large abomination
    74 | Abyss:1  | Noticed a small abomination
    89 | Abyss:1  | Noticed a large abomination
    95 | D:1      | Escaped the Abyss
   295 | D:1      | Reached * piety under Lugonu
   315 | D:1      | Reached XP level 2. HP: 21/27 MP: 2/2
  1145 | D:2      | Reached XP level 3. HP: 17/33 MP: 3/3
  1240 | D:2      | Reached skill level 4 in Fighting
  1242 | D:2      | Killed from afar by an orc wizard

Illustrated notes

Levels and vault maps discovered:
D:1:      tarquinn_simple_flora_water_e, layout_loops_ring, serial_forest,
          infiniplex_forest_end_1, infiniplex_forest_clump_small,
          infiniplex_forest_clump_tiny, infiniplex_forest_lined_4_way,
          infiniplex_forest_lined_4_way, infiniplex_forest_end_3,
          infiniplex_forest_lined_4_way, infiniplex_forest_pool,
          infiniplex_forest_lined_room_3
D:2:      layout_basic, st_stairs_6, grunt_ministairs_1, uniq_robin

Skill      XL: |  1  2  3 |
---------------+----------+-----
Invocations    | 2 |  2.2
Fighting       | 4 |  4.0
Maces & Flails | |  2.9
Armour         | |  2.9
Dodging        | |  1.7

Action                   || total
-------------------------++-------
Melee: Mace              ||    66
       Headbutt          ||    10
Invok: Depart the Abyss  ||     1
Armor: Leather armour    ||    19
Dodge: Dodged            ||    41
